 Dungeon Crawl Stone Soup version 0.30.0-19-gbf45117a57 (webtiles) character file.

Game seed: 5268660062625194374

79 qw the Chopper (level 4, -3/28 HPs)
             Began as a Gargoyle Fighter on May 25, 2023.
             Slain by a gnoll
             ... wielding a +0 halberd
              (12 damage)
             ... on level 3 of the Dungeon.
             The game lasted 00:00:42 (1448 turns).

qw the Chopper (Gargoyle Fighter)                   Turns: 1448, Time: 00:00:43

Health: -3/28      AC: 13    Str: 21    XL:     4   Next: 37%
Magic:  4/4        EV:  9    Int:  9    God:
Gold:   172        SH:  4    Dex:  9    Spells: 3/3 levels left

rFire   . . .        Y - +0 war axe
rCold   . . .        c - +0 buckler
rNeg    + . .        b - +0 scale mail
rPois   inf          f - +0 helmet
rElec   +            (no cloak)
rCorr   .            (no gloves)
SInv    .            m - +1 pair of boots {Fly}
Will    .....        (no amulet) Stlth
                     (no ring)
HPRegen 0.24/turn    (no ring)
MPRegen 0.09/turn

%: no passive effects
@: flying
A: sickness immunity, AC +3, negative energy resistance 1, electricity
resistance, torment resistance 1, petrification resistance
a: no special abilities


You were on level 3 of the Dungeon.
You visited 1 branch of the dungeon, and saw 3 of its levels.

You collected 172 gold pieces.


Innate Abilities, Weirdness & Mutations

You are immune to sickness and miasma.
Your stone body is resilient. (AC +3)
You are immune to poison.
You resist negative energy. (rN+)
You are resistant to electric shocks. (rElec)
You are resistant to unholy torment.
You are immune to petrification.


   Skills:
 - Level 3.2 Fighting
 + Level 3.8 Axes
 - Level 1.0 Throwing
 - Level 3.2 Armour
 - Level 3.2 Shields


You had 3 spell levels left.
You didn't know any spells.
Your spell library was empty.

Inventory:

Hand Weapons
 o - a +0 whip
 Y - a +0 war axe (weapon)
Missiles
 e - 5 javelins (quivered)
Armour
 b - a +0 scale mail (worn)
 c - a +0 buckler (worn)
 f - a +0 helmet (worn)
 m - a +1 pair of boots of flying (worn)
Scrolls
 a - 2 scrolls of identify
 h - a scroll of acquirement {unknown}
 i - a scroll of blinking {unknown}
Potions
 d - a potion of might
 g - a potion of degeneration {unknown}
 k - a potion of attraction {unknown}
 l - 3 potions of curing
 n - a potion of invisibility {unknown}

Dungeon Overview and Level Annotations

Branches:
Dungeon (3/15)

Altars:

Shops:
D:1 (


Message History

You closely miss the gnoll.
The gnoll shouts!
You block the gnoll's attack. The gnoll misses you.
You slash the gnoll!
The gnoll is heavily wounded.
You block the gnoll's attack.
You closely miss the gnoll.
The gnoll is heavily wounded.
You closely miss the gnoll. The gnoll completely misses you.
You block the gnoll's attack. The gnoll hits you but does no damage.
The gnoll barely misses you. The gnoll closely misses you. x2
You closely miss the gnoll.
The gnoll is heavily wounded.
You barely miss the gnoll. You block the gnoll's attack.
The gnoll hits you from afar with a +0 halberd.
The gnoll barely misses you.
You slash the gnoll!
You kill the gnoll!
You hit the gnoll. The gnoll hits you but does no damage.
The gnoll hits you from afar with a +0 halberd.
You closely miss the gnoll.
The gnoll is heavily wounded.
You closely miss the gnoll. The gnoll misses you. The gnoll barely misses you.
The gnoll closely misses you. x3
The gnoll hits you with a +0 club.
You hit the gnoll.
The gnoll is severely wounded.
You closely miss the gnoll. The gnoll barely misses you.
The gnoll hits you from afar with a +0 halberd.
The gnoll hits you but does no damage.
You closely miss the gnoll.
The gnoll is severely wounded.
You hit the gnoll but do no damage. The gnoll closely misses you.
You block the gnoll's attack.
The gnoll hits you from afar with a +0 halberd!
You die...

#.# #...P..#
#.####P....#.
#.##......#..#
#.............).
#..#........#####
#..##.......# #
#..##.#######
#.##g.##.#
#..g@.##.#######
#.g##...........
#.. ####.#######
#(. #.# #.. #.#
#.g #<# #g. #.#
.#. #.# #.#


You could see 3 gnolls.

Vanquished Creatures
  A gnoll (D:3)
  An adder (D:2)
  2 dart slugs (D:1)
  2 worms
  An orc (D:3)
  11 ball pythons
  An endoplasm (D:2)
  A giant cockroach (D:3)
  7 goblins
  2 hobgoblins
  3 jackals (D:3)
  2 quokkas (D:3)
  2 bats (D:2)
  2 frilled lizards
  8 kobolds
  5 rats
51 creatures vanquished.

Notes
Turn   | Place    | Note
-------+----------+-------------------------------------------
     0 | D:1      | qw the Gargoyle Fighter began the quest for the Orb.
     0 | D:1      | Reached XP level 1. HP: 14/14 MP: 1/1
     0 | D:1      | 0 ||| qw: Version: 0.2-a-98-g5d7165a
     0 | D:1      | 0 ||| qw: Game counter: 82
     0 | D:1      | 0 ||| qw: Always use a shield: true
     0 | D:1      | 0 ||| qw: God list: Okawaru
     0 | D:1      | 0 ||| qw: Allow faded altars: false
     0 | D:1      | 0 ||| qw: Do Orc after D:15 true
     0 | D:1      | 0 ||| qw: Do second Lair branch before Depths: true
     0 | D:1      | 0 ||| qw: Lair rune preference: random
     0 | D:1      | 0 ||| qw: Plans: Normal, Zot:1-4, God:TSO, Crypt, Tomb,
                  | Pan, Slime:5, Hells, Abyss, Win
     0 | D:1      | 0 ||| PLANNING D:1-11
   107 | D:1      | Found Enuf's Antique Weapon Emporium.
   117 | D:1      | 117 ||| SHOPLISTING glowing hand axe (120 gold, have 10).
   117 | D:1      | 117 ||| SHOPLISTING glowing mace (120 gold, have 10).
   117 | D:1      | 117 ||| SHOPLISTING mace (60 gold, have 10).
   117 | D:1      | 117 ||| SHOPLISTING whip (50 gold, have 10).
   227 | D:1      | Reached XP level 2. HP: 19/19 MP: 2/2
   316 | D:1      | 316 ||| Stepping ~*~*~tactically~*~*~ (hiding).
   433 | D:1      | 433 ||| DROPPING +0 club.
   688 | D:1      | 688 ||| UPGRADING to +0 helmet.
   693 | D:1      | 693 ||| UPGRADING to +1 pair of boots of flying.
   698 | D:1      | 698 ||| READING 2 scrolls labelled XAYNEIMILE.
   699 | D:1      | 699 ||| READING scroll labelled LUNAZE MUUG.
   703 | D:1      | 703 ||| READING scroll labelled OBUCUTSILE.
   704 | D:1      | 704 ||| DRINKING 2 clear potions.
   746 | D:2      | Reached skill level 3 in Axes
   746 | D:2      | Reached XP level 3. HP: 23/23 MP: 3/3
   894 | D:2      | 894 ||| Stepping ~*~*~tactically~*~*~ (stealth).
   912 | D:2      | Reached skill level 1 in Throwing
  1166 | D:2      | 1166 ||| READING 2 scrolls labelled FYZY CAIVUWURPH.
  1183 | D:2      | 1183 ||| DROPPING scroll of torment.
  1224 | D:3      | 1224 ||| Stepping ~*~*~tactically~*~*~ (stealth).
  1226 | D:3      | 1226 ||| Stepping ~*~*~tactically~*~*~ (stealth).
  1227 | D:3      | 1227 ||| Stepping ~*~*~tactically~*~*~ (stealth).
  1228 | D:3      | 1228 ||| Stepping ~*~*~tactically~*~*~ (stealth).
  1238 | D:3      | Reached XP level 4. HP: 28/28 MP: 4/4
  1243 | D:3      | 1243 ||| Stepping ~*~*~tactically~*~*~ (stealth).
  1245 | D:3      | 1245 ||| Stepping ~*~*~tactically~*~*~ (hiding).
  1435 | D:3      | 1435 ||| Stepping ~*~*~tactically~*~*~ (hiding).
  1437 | D:3      | 1437 ||| Stepping ~*~*~tactically~*~*~ (hiding).
  1448 | D:3      | Slain by a gnoll

Levels and vault maps discovered:
D:1:      amcnicky_arrival_flooded_fountain, layout_loops_ring, serial_shops,
          shop
D:2:      layout_rooms, chequers_serial_rivers_small_b
D:3:      layout_loops_ring, serial_forest, infiniplex_forest_lined_room_,
          infiniplex_forest_lined_2, infiniplex_forest_clump_small,
          infiniplex_forest_lined_corner, infiniplex_forest_end_1,
          infiniplex_forest_clump_diagonal, infiniplex_forest_join

Skill      XL: |  1  2  3 |
---------------+----------+-----
Axes           | 2 3 |  3.8
Throwing       | 1 |  1.0
Fighting       | |  3.2
Armour         | |  3.2
Shields        | |  3.2

Action                     |  1- 3 |  4- 6 || total
---------------------------+-------+-------++-------
  Melee: War axe           |    59 |    21 ||    80
  Throw: Javelin           |    42 |     9 ||    51
    Use: Scroll            |     4 |       ||     4
         Potion            |     1 |       ||     1
 Armour: Scale mail        |    25 |     8 ||    33
  Dodge: Dodged            |    32 |    21 ||    53
  Block: Buckler           |     6 |     6 ||    12

Table legend:
 A = Non-vault XP
 B = Vault XP
 C = Vault XP percentage of total XP
 D = Non-vault monster count
 E = Vault monster count
 F = Vault count percentage of total count
                 A         B        C        D         E       F
            +---------+---------+-------+---------+---------+-------
      Total |     113 |       0 |   0.0 |      51 |       0 |   0.0
            +---------+---------+-------+---------+---------+-------
        D:1 |      25 |       0 |   0.0 |      15 |       0 |   0.0
        D:2 |      49 |       0 |   0.0 |      24 |       0 |   0.0
        D:3 |      39 |       0 |   0.0 |      12 |       0 |   0.0
            +---------+---------+-------+---------+---------+-------
